AoeStats
← meditator27

Arena

509048984Analyzed
4v4 RM · 5d ago on Sep 25, 2026· 62m 13s· 8 players
Game mode
Random Map
Map size
Large (8 player)
Population
200
Speed
Normal
Resources
Standard
Victory
Conquest
Starting age
Dark Age
Ending age
Imperial Age
RankedLock teamsTeams togetherTeam positionsShared explorationLock speedFull tech treeHidden civsTurbo modeCheats
Victory
Defeat
🇨🇳 Turks · China
1228
+16
🇨🇳 Saxons · China
1187
+18
🇨🇳 Persians · China
1138
+20
🇨🇳 Saxons · China
993
+25
🇲🇽 Sicilians · Mexico
1286
-22
🇨🇳 Vietnamese · China
1248
-21
🇹🇼 Bohemians · Taiwan
1221
-20
🇧🇪 Huns · Belgium
1119
-16
:) Regresa rocha moya
11:55 Feudal Age
13:37 Horse Collar
13:47 Double-Bit Axe
16:33 Castle Age
14:46 Stone Mining
15:00 Gold Mining
16:54 Wheelbarrow
17:35 Loom
21:53 First Crusade
22:50 Squires
23:19 Scale Mail Armor
24:45 Forging
25:25 Chain Mail Armor
26:25 Hand Cart
25:55 Town Watch
27:13 Iron Casting
33:09 Imperial Age
33:17 Fletching
33:14 Elite Serjeant
34:34 Plate Mail Armor
35:04 Blast Furnace
34:54 Conscription
34:51 Bodkin Arrow
36:24 Pikeman
36:49 Arson
37:49 Bracer
37:47 Halberdier
39:07 Padded Archer Armor
41:20 Gold Shaft Mining
41:20 Stone Shaft Mining
41:28 Stone Shaft Mining
43:11 Capped Ram
45:02 Heavy Plow
45:15 Bow Saw
44:58 Siege Ram
49:21 Leather Archer Armor
49:40 Crop Rotation
51:08 Hoardings
51:37 Chemistry
50:54 Murder Holes
51:10 Masonry
54:07 Caravan
54:32 Arrowslits
meditator27
10:30 Feudal Age
14:39 Castle Age
13:11 Double-Bit Axe
13:54 Horse Collar
17:20 Bow Saw
18:59 Loom
20:03 Wheelbarrow
28:19 Imperial Age
27:26 Chemistry
27:05 Hand Cart
27:04 Pikeman
31:04 Halberdier
33:18 Scale Mail Armor
33:28 Forging
34:59 Chain Mail Armor
36:03 Iron Casting
35:44 Squires
37:50 Conscription
39:17 Two-Man Saw
38:52 Wagenburg Tactics
38:47 Houfnice
39:55 Ballistics
42:56 Blast Furnace
42:27 Plate Mail Armor
42:17 Heavy Plow
44:40 Fletching
44:50 Padded Archer Armor
46:50 Bodkin Arrow
50:45 Leather Archer Armor
Tangafair
3:03 Loom
10:53 Feudal Age
15:11 Castle Age
16:35 Horse Collar
22:07 Double-Bit Axe
25:54 Heavy Plow
26:17 Bow Saw
26:43 Gold Mining
30:05 Forging
30:01 Scale Barding Armor
32:27 Imperial Age
30:13 Bloodlines
30:19 Husbandry
31:07 Chain Barding Armor
31:23 Iron Casting
32:04 Wheelbarrow
31:14 Town Watch
32:26 Gold Shaft Mining
32:17 Marauders
32:36 Elite Tarkan
33:36 Conscription
33:58 Plate Barding Armor
34:58 Blast Furnace
47:38 Fletching
47:49 Padded Archer Armor
48:41 Bodkin Arrow
49:01 Leather Archer Armor
别那么骚
10:43 Feudal Age
14:28 Castle Age
13:14 Double-Bit Axe
13:59 Horse Collar
19:31 Bow Saw
20:00 Heavy Plow
20:59 Wheelbarrow
21:48 Hand Cart
22:56 Loom
23:49 Gold Mining
23:49 Stone Mining
27:47 Imperial Age
25:03 Loom
25:34 Scale Barding Armor
25:32 Scale Mail Armor
25:43 Forging
26:33 Stone Shaft Mining
25:57 Fletching
26:07 Padded Archer Armor
27:12 Scale Barding Armor
27:24 Chain Mail Armor
27:45 Iron Casting
27:22 Pikeman
28:03 Squires
27:48 Arson
28:32 Bodkin Arrow
29:07 Plate Mail Armor
30:11 Two-Man Saw
29:45 Crop Rotation
31:20 Chemistry
30:29 Padded Archer Armor
30:56 Halberdier
31:21 Elite Skirmisher
32:29 Thumb Ring
33:46 Leather Archer Armor
33:31 Bracer
34:04 Scale Barding Armor
34:26 Paper Money
34:59 Ballistics
34:52 Guilds
34:09 Imperial Skirmisher
34:54 Husbandry
35:05 Bloodlines
35:00 Elite Battle Elephant
35:49 Town Watch
36:40 Town Patrol
36:50 Bracer
37:21 Ring Archer Armor
37:12 Chain Barding Armor
38:42 Caravan
40:50 Plate Barding Armor
40:35 Masonry
41:22 Guilds
41:43 Coinage
42:44 Chatras
45:42 Banking
56:47 Fortified Wall
83716497273
9:49 Feudal Age
13:41 Castle Age
11:59 Double-Bit Axe
12:19 Horse Collar
14:46 Bow Saw
22:24 Heavy Plow
22:56 Gold Mining
23:08 Stone Mining
24:22 Wheelbarrow
24:36 Gold Shaft Mining
23:48 Loom
25:23 Hand Cart
24:53 Town Watch
29:17 Imperial Age
27:06 Scale Mail Armor
27:16 Forging
26:53 Treadmill Crane
27:23 Fortified Wall
28:50 Gambesons
29:08 Squires
29:52 Chain Mail Armor
30:12 Iron Casting
29:29 Elite Varangian Guard
29:34 Shield Wall
35:13 Arson
35:13 Man-at-Arms
36:37 Fortified Wall
37:41 Plate Mail Armor
37:44 Conscription
40:25 Capped Ram
41:45 Fletching
45:58 Siege Ram
47:46 Two-Man Saw
47:18 Crop Rotation
47:36 Bodkin Arrow
50:14 Bracer
[AV]Mikami Yua
0:27 Loom
9:34 Feudal Age
14:19 Castle Age
13:23 Horse Collar
23:11 Double-Bit Axe
29:41 Imperial Age
29:37 Bloodlines
29:27 Husbandry
29:45 Bow Saw
29:26 Gold Mining
29:55 Cavalier
31:51 Coinage
33:02 Forging
32:58 Scale Barding Armor
34:40 Iron Casting
33:31 Savar
34:58 Iron Casting
34:36 Scale Barding Armor
35:16 Gold Shaft Mining
34:31 Stone Mining
34:56 Heavy Plow
35:44 Conscription
35:30 Gambesons
35:09 Man-at-Arms
35:17 Crossbowman
37:03 Wheelbarrow
36:13 Town Watch
37:01 Ballistics
37:41 Chemistry
37:01 Thumb Ring
36:29 Long Swordsman
37:10 Squires
36:55 Arson
38:18 Blast Furnace
37:51 Chain Barding Armor
38:08 Hand Cart
37:53 Town Patrol
38:02 Kamandaran
38:57 Banking
38:58 Fletching
39:09 Padded Archer Armor
38:55 Elite War Elephant
40:00 Pikeman
40:53 Caravan
41:04 Guilds
40:53 Heavy Camel Rider
41:40 Bodkin Arrow
42:00 Leather Archer Armor
42:21 Plate Barding Armor
42:30 Citadels
43:36 Murder Holes
43:51 Masonry
45:41 Architecture
46:48 Ring Archer Armor
46:49 Town Patrol
48:03 Scale Mail Armor
53:50 Halberdier
58:35 Stone Shaft Mining
59:39 Two-Man Saw
巨浪大切
10:53 Feudal Age
12:17 Double-Bit Axe
14:51 Castle Age
12:47 Horse Collar
16:25 Bow Saw
16:18 Heavy Plow
17:53 Loom
20:28 Wheelbarrow
21:02 Gold Mining
23:26 Gold Shaft Mining
25:35 Hand Cart
28:19 Imperial Age
25:36 Town Watch
26:39 Fletching
26:49 Padded Archer Armor
27:13 Thumb Ring
27:09 Murder Holes
27:35 Bodkin Arrow
27:40 Padded Archer Armor
28:05 Forging
28:00 Scale Barding Armor
28:09 Bloodlines
27:59 Husbandry
29:30 Ballistics
28:33 Heavy Cavalry Archer
29:40 Parthian Tactics
29:10 Stone Mining
30:03 Leather Archer Armor
31:08 Two-Man Saw
33:39 Sipahi
33:40 Conscription
33:54 Ring Archer Armor
34:59 Bracer
35:05 Scale Barding Armor
35:35 Iron Casting
48:02 Fortified Wall
54:15 Chain Barding Armor
60:38 Plate Barding Armor
60:40 Iron Casting
靓仔
12:40 Feudal Age
16:30 Castle Age
19:43 Horse Collar
20:26 Pikeman
24:07 Wheelbarrow
23:18 Loom
24:41 Town Watch
25:21 Heavy Plow
25:10 Double-Bit Axe
31:56 Imperial Age
30:23 Fletching
30:44 Forging
31:09 Hand Cart
31:41 Fortified Wall
31:27 Murder Holes
33:57 Hoardings
34:49 Bodkin Arrow
35:29 Iron Casting
35:23 Guard Tower
35:53 Ballistics
35:19 Arrowslits
35:40 Siege Engineers
35:16 Treadmill Crane
36:33 Elite Hearth Troop
39:24 Keep
40:59 Masonry
41:50 Chemistry
44:24 Architecture
44:17 Conscription
43:28 Sappers
50:49 Gold Mining
50:51 Stone Mining
51:21 Squires
51:06 Arson
51:07 Gambesons
54:41 Shield Wall
58:16 Man-at-Arms
59:40 Bloodlines
59:31 Husbandry
58:54 Light Cavalry
63:15 Crop Rotation
Connection lost

Rejoining the realm…

Still unreachable

The connection could not be restored.

Session expired

The server has moved on; the page needs a fresh start.